 Dungeon Crawl Stone Soup version 0.27-a0-156-gbcd94eb011 (webtiles) character file.

Game seed: 17349768438469765191

496 tabtabtabtab the Chiller (level 6, 0/41 HPs)
             Began as a Demonspawn Ice Elementalist on Jan 27, 2021.
             Slain by a water moccasin zombie (4 damage)
             ... in an ossuary.
             The game lasted 00:10:22 (4577 turns).

tabtabtabtab the Chiller (DsIE)                     Turns: 4577, Time: 00:10:23

Health: 0/41       AC:  5    Str:  9    XL:     6   Next: 93%
Magic:  11/11      EV: 12    Int: 18    God:
Gold:   148        SH:  0    Dex: 13    Spells: 4/12 levels left

rFire    . . .     SeeInvis .   d - +3 dagger
rCold    . . .     Faith    .   (no shield)
rNeg     . . .     Spirit   .   a - +0 robe
rPois    .         Reflect  .   l - +0 helmet
rElec    .         Harm     .   (no cloak)
rCorr    .         Rampage  .   (no gloves)
Will     .....                  (no boots)
Stlth    ++........             (no amulet)
HPRegen  0.13/turn              (no ring)
MPRegen  0.12/turn              (no ring)

@: no status effects
A: talons 1, iridescent scales 1, foul stench 1
a: no special abilities


You were in an ossuary.
You visited 1 branch of the dungeon, and saw 4 of its levels.
You also visited: Sewer and Ossuary.

You collected 148 gold pieces.

Inventory:

Hand Weapons
 d - a +3 dagger (weapon)
Armour
 a - a +0 robe (worn)
 l - a +0 helmet (worn)
 m - a +0 buckler
 n - a +1 kite shield
Scrolls
 b - 2 scrolls of remove curse
 c - a scroll of fog {unknown}
 f - a scroll of blinking {unknown}
 h - 2 scrolls of teleportation
 j - a scroll of magic mapping {unknown}
 o - 2 scrolls of enchant armour
Potions
 g - a potion of heal wounds {unknown}
 q - a potion of lignification {unknown}
 r - a potion of brilliance {unknown}


   Skills:
 - Level 1.7 Dodging
 - Level 1.7 Stealth
 + Level 2.0 Shields
 - Level 3.9 Spellcasting
 * Level 1.0 Summonings
 * Level 6.2 Ice Magic


You had 4 spell levels left.
You knew the following spells:

 Your Spells              Type           Power        Failure   Level
a - Freeze                Ice            100%         1%          1
b - Frozen Ramparts       Ice            52%          3%          3
c - Summon Ice Beast      Ice/Summ       16%          32%         4

Your spell library contained the following spells:

 Spells                   Type           Power        Failure   Level
 Ozocubu's Armour         Ice            26%          3%          3
 Hailstorm                Conj/Ice       14%          38%         4


Dungeon Overview and Level Annotations

Branches:
Dungeon (4/15)              Sewer (visited)         Ossuary (1/1)
 Temple: D:4-7

Altars:
Hepliaklqana
Okawaru
Sif Muna
Uskayaw


Innate Abilities, Weirdness & Mutations

You have sharp toenails.
You are partially covered in iridescent scales. (AC +2)
You may rarely emit foul miasma when damaged in melee.


Message History

You hit the water moccasin zombie.
The water moccasin zombie is heavily damaged.
The water moccasin zombie bites you.
* * * LOW HITPOINT WARNING * * *
The water moccasin zombie bites you.
* * * LOW HITPOINT WARNING * * *
You hit the water moccasin zombie but do no damage.
The water moccasin zombie is heavily damaged.
The water moccasin zombie bites you.
* * * LOW HITPOINT WARNING * * *
You closely miss the water moccasin zombie.
The water moccasin zombie is heavily damaged.
The water moccasin zombie bites you.
* * * LOW HITPOINT WARNING * * *
You feel better. The water moccasin zombie bites you!
* * * LOW HITPOINT WARNING * * *
You closely miss the water moccasin zombie.
The water moccasin zombie is heavily damaged.
The water moccasin zombie bites you.
You die...

#####
#...#
#...#
+Z.Z#
#Z###
#^@^#
#^.^#
#^^^#
#..^#
##'##
#...#
#...#
#...#
#...#


You could see a water moccasin zombie and an orc zombie.

Vanquished Creatures
  A bullfrog (Sewer)
  A water moccasin zombie (Ossuary)
  Jessica (D:2)
  A worker ant (D:4)
  4 gnolls (D:3)
  7 adders
  A river rat (D:3)
  14 oozes (Sewer)
  2 adder zombies (Ossuary)
  2 worms
  A dart slug (D:1)
  12 leopard geckos
  An orc (D:3)
  14 ball pythons
  12 giant cockroaches
  2 gnoll zombies (Ossuary)
  15 goblins
  7 hobgoblins
  11 jackals
  3 kobolds
  6 bats
  10 frilled lizards
  A hobgoblin zombie (Ossuary)
  A kobold zombie (Ossuary)
  15 rats
145 creatures vanquished.

Notes
Turn   | Place    | Note
-------+----------+-------------------------------------------
     0 | D:1      | tabtabtabtab the Demonspawn Ice Elementalist began the
                  | quest for the Orb.
     0 | D:1      | Reached XP level 1. HP: 13/13 MP: 3/3
   381 | D:1      | Gained mutation: You are partially covered in iridescent
                  | scales. (AC +2) [demonic ancestry]
   381 | D:1      | Reached XP level 2. HP: 16/19 MP: 1/5
   656 | D:1      | Reached skill level 4 in Ice Magic
   864 | D:2      | Reached XP level 3. HP: 20/24 MP: 3/6
   911 | D:2      | Noticed Jessica
   925 | D:2      | Killed Jessica
  1131 | D:2      | Gained mutation: You have sharp toenails. [demonic
                  | ancestry]
  1131 | D:2      | Reached XP level 4. HP: 30/30 MP: 8/8
  1155 | D:2      | Found a hide-covered altar of Uskayaw.
  1491 | D:2      | Found an iron altar of Okawaru.
  1746 | D:2      | Found a hazy altar of Hepliaklqana.
  1754 | D:2      | Reached skill level 5 in Ice Magic
  2275 | D:3      | Learned a level 3 spell: Frozen Ramparts
  2298 | D:3      | Gained mutation: You may rarely emit foul miasma when
                  | damaged in melee. [demonic ancestry]
  2298 | D:3      | Reached XP level 5. HP: 35/35 MP: 4/9
  2757 | D:3      | Found a glowing drain.
  2769 | Sewer    | Entered a sewer
  2957 | Sewer    | Reached skill level 1 in Shields
  3346 | Sewer    | Learned a level 4 spell: Summon Ice Beast
  3388 | Sewer    | Reached XP level 6. HP: 34/41 MP: 11/11
  3961 | Sewer    | Reached skill level 6 in Ice Magic
  4417 | D:4      | Found a sand-covered staircase.
  4426 | D:4      | Found a shimmering blue altar of Sif Muna.
  4430 | Ossuary  | Entered an ossuary
  4558 | Ossuary  | Reached skill level 1 in Summonings
  4575 | Ossuary  | HP: 1/41 [water moccasin zombie (4)]
  4577 | Ossuary  | Slain by a water moccasin zombie

Illustrated notes

Levels and vault maps discovered:
D:1:      nzn_arrival_water_spiral, layout_rooms, amcnicky_mini_pool_small
D:2:      kennysheep_the_goblin_king, layout_loops_ring,
          okawaru_ov_weapons_minmay, lemuel_doored_altar,
          eat_drink_and_be_merry_uskayaw, chequers_serial_rivers_large_b,
          st_stairs_1, grunt_ministairs_3, uniq_jessica
D:3:      layout_basic, portal_sewer_entry_e, chequers_serial_rivers_micro_a
D:4:      layout_basic, lemuel_crystal_altar, nicolae_ossuary_entry_ruins,
          uniq_blork_the_orc
Ossuary:  ossuary_tomb_2

Skill      XL: |  1  2  3  4  5  6 |
---------------+-------------------+-----
Ice Magic      | 4 5 6 |  6.2
Spellcasting   | 3 |  3.9
Shields        | 1 2 |  2.0
Summonings     | 1 |  1.0
Dodging        | |  1.7
Stealth        | |  1.7

Action                   |  1- 3 |  4- 6 || total
-------------------------+-------+-------++-------
Melee: Unarmed           |    14 |       ||    14
       Dagger            |    42 |   311 ||   353
       Kick              |       |    47 ||    47
 Cast: Freeze            |    21 |    63 ||    84
       Frozen Ramparts   |       |     2 ||     2
Evoke: Wand              |       |     8 ||     8
  Use: Scroll            |       |     5 ||     5
       Potion            |       |     3 ||     3
 Stab: Sleeping          |     2 |       ||     2
Armor: Robe              |    20 |   108 ||   128
Dodge: Dodged            |    48 |   226 ||   274

Table legend: (Time is in decaauts)
 A = Elapsed time spent in this place.
 B = Non-inter-level travel time spent in this place.
 C = Inter-level travel time spent in this place.
 D = Time resting spent in this place.
 E = Time spent auto-exploring this place.
 F = Levels seen in this place.
 G = Mean time per level.
                   A        B        C        D        E       F      G
               +--------+--------+--------+--------+--------+-----+--------+
         Total |   4663 |   4582 |     81 |   1338 |   2320 |   6 |  777.2 |
       Dungeon |   3225 |   3144 |     81 |    644 |   1984 |   4 |  806.2 |
         Sewer |   1291 |   1291 |      0 |    694 |    260 |   1 | 1291.0 |
       Ossuary |    146 |    146 |      0 |      0 |     75 |   1 |  146.0 |
               +--------+--------+--------+--------+--------+-----+--------+

Top non-repeatable levels by time:
     D:2: 1334 daAuts
   Sewer: 1291 daAuts
     D:3: 985 daAuts
     D:1: 829 daAuts
 Ossuary: 146 daAuts
     D:4: 75 daAuts
